 Dungeon Crawl Stone Soup version 0.31-a0-217-g58bb5d79cf (webtiles) character file.

Game seed: 2623218827757777586

56 qw the Shooter (level 3, -1/30 HPs)
             Began as a Minotaur Hexslinger on July 2, 2023.
             Slain by Robin
             ... wielding a +0 dagger
              (4 damage)
             ... on level 2 of the Dungeon.
             The game lasted 00:00:22 (792 turns).

qw the Shooter (Minotaur Hexslinger)                 Turns: 792, Time: 00:00:22

Health: -1/30      AC:  3    Str: 12    XL:     3   Next: 71%
Magic:  3/3        EV: 12    Int: 10    God:
Gold:   66         SH:  0    Dex: 14    Spells: 3/4 levels left

rFire   . . .        Y - +2 sling
rCold   . . .        (no shield)
rNeg    . . .        e - +0 leather armour
rPois   .            (helmet restricted)
rElec   .            (no cloak)
rCorr   .            (no gloves)
SInv    .            (no boots)
Will    .....        (no amulet)
Stlth   +            (no ring)
HPRegen 0.25/turn    (no ring)
MPRegen 0.08/turn

%: no passive effects
@: no status effects
A: horns 2, retaliatory headbutt
a: no special abilities


You were on level 2 of the Dungeon.
You visited 1 branch of the dungeon, and saw 2 of its levels.

You collected 66 gold pieces.


Innate Abilities, Weirdness & Mutations

You have a pair of horns on your head.
You reflexively headbutt those who attack you in melee.


   Skills:
 - Level 2.4 Fighting
 + Level 4.1 Ranged Weapons
 - Level 2.1 Dodging
 - Level 1.0 Spellcasting
 - Level 2.0 Hexes


You had 3 spell levels left.
You knew the following spells:

 Your Spells              Type           Power      Damage    Failure   Level
a - Slow                  Hex            16%        N/A       19%         1

Your spell library contained the following spells:

 Spells                   Type           Power      Damage    Failure   Level
 Inner Flame              Hex/Fire       2%         N/A       65%         3
 Portal Projectile        Hex/Tloc       4%         N/A       65%         3
 Cause Fear               Hex            2%         N/A       88%         4

Inventory:

Hand Weapons
 Y - a +2 sling (weapon)
Armour
 e - a +0 leather armour (worn)
Jewellery
 b - a ring of protection from cold
Potions
 a - 2 potions of curing
 d - a potion of enlightenment {unknown}

Dungeon Overview and Level Annotations

Branches:
Dungeon (2/15)

Altars:

Annotations:
D:2 Robin


Message History

Robin roars a battlecry!
The hobgoblin goes into a battle-frenzy!
You shoot a sling bullet.
The sling bullet hits Robin but does no damage.
A goblin comes into view. It is wielding a +0 club.
You shoot a sling bullet.
The sling bullet hits Robin but does no damage.
Robin throws the goblin at you! The goblin hits you with a +0 club.
You shoot a sling bullet. The sling bullet hits Robin.
Robin is moderately wounded.
A goblin comes into view. It is wielding a +0 club.
Robin roars a battlecry!
The goblin goes into a battle-frenzy!
The hobgoblin barely misses you. The goblin hits you but does no damage.
The goblin hits you with a +0 club. The hobgoblin hits you.
You shoot a sling bullet.
The sling bullet hits Robin but does no damage.
Robin is moderately wounded.
The hobgoblin misses you. Robin misses you. The goblin hits you with a +0 club.
You shoot a sling bullet. The sling bullet barely misses Robin.
The sling bullet barely misses the goblin.
Robin says, "Kneel, worm!"
Robin misses you. The hobgoblin barely misses you.
The goblin hits you but does no damage.
You shoot a sling bullet. The sling bullet hits Robin.
Robin is moderately wounded.
Robin misses you. The hobgoblin misses you. You furiously retaliate!
You headbutt the hobgoblin!
You kill the hobgoblin!
The goblin hits you with a +0 club.
You shoot a sling bullet.
The sling bullet hits Robin but does no damage.
Robin is moderately wounded.
The goblin misses you. The goblin hits you with a +0 club. x2
Robin closely misses you.
You shoot a sling bullet. The sling bullet hits Robin.
Robin is heavily wounded.
The goblin closely misses you. The goblin hits you with a +0 club.
Robin hits you with a +0 dagger.
You die...

## # .# #. .# #
)##.##.# )g...
#gg# # #@# #.# #g#
##.######### #.#
...........## #.#
........|...# #.#
###.###.#.#.####.#
..#.#.#.#.#......#
###.#.#.###.#.####
............#.#


You could see Robin and 3 goblins.

Vanquished Creatures
  2 gnolls (D:2)
  An adder (D:2)
  2 worms (D:2)
  2 endoplasms (D:1)
  8 goblins
  A hobgoblin (D:2)
  3 kobolds (D:1)
  2 ball pythons (D:1)
  2 rats
23 creatures vanquished.

Notes
Turn   | Place    | Note
-------+----------+-------------------------------------------
     0 | D:1      | qw the Minotaur Hexslinger began the quest for the Orb.
     0 | D:1      | Reached XP level 1. HP: 16/16 MP: 1/1
     0 | D:1      | 0 ||| qw: Version: 0.3-a-40-ge99b1a8
     0 | D:1      | 0 ||| qw: Game counter: 254
     0 | D:1      | 0 ||| qw: Melee chars always use a shield: true
     0 | D:1      | 0 ||| qw: God list: Okawaru
     0 | D:1      | 0 ||| qw: Allow faded altars: false
     0 | D:1      | 0 ||| qw: Do Orc after clearing Dungeon:15 true
     0 | D:1      | 0 ||| qw: Do second Lair branch before Depths: true
     0 | D:1      | 0 ||| qw: Lair rune preference: random
     0 | D:1      | 0 ||| qw: Goals: Normal
     0 | D:1      | 0 ||| PLANNING D:1-11
   210 | D:1      | Reached skill level 3 in Ranged Weapons
   231 | D:1      | Reached XP level 2. HP: 23/23 MP: 2/2
   462 | D:1      | 462 ||| UPGRADING to +0 leather armour.
   472 | D:1      | 472 ||| DROPPING +0 robe.
   473 | D:1      | 473 ||| READING scroll labelled YTTAQE UGHITOLO.
   478 | D:1      | 478 ||| READING scroll labelled ONERGH KEYHO.
   479 | D:1      | 479 ||| READING scroll labelled SUZUUMISUG.
   480 | D:1      | 480 ||| DROPPING scroll of poison.
   527 | D:2      | 527 ||| FLEEEEING.
   530 | D:2      | 530 ||| FLEEEEING.
   532 | D:2      | 532 ||| FLEEEEING.
   533 | D:2      | 533 ||| FLEEEEING.
   534 | D:2      | 534 ||| FLEEEEING.
   535 | D:2      | 535 ||| FLEEEEING.
   536 | D:2      | 536 ||| FLEEEEING.
   539 | D:2      | 539 ||| FLEEEEING.
   546 | D:2      | Reached XP level 3. HP: 15/30 MP: 0/3
   547 | D:2      | 547 ||| STAIRDANCE
   604 | D:1      | 604 ||| DRINKING 2 white potions.
   781 | D:2      | Noticed Robin
   782 | D:2      | Reached skill level 4 in Ranged Weapons
   791 | D:2      | HP: 6/30 [goblin/+0 club[Robin] (4)]
   792 | D:2      | Slain by Robin

Levels and vault maps discovered:
D:1:      matt_arrival_diagonals, layout_rooms, chequers_serial_rivers_marsh,
          nicolae_concentric_dashed_squares_mild
D:2:      layout_loops_cross, minmay_misc_feat_nine_boxes, serial_bayou_lake_a,
          uniq_robin

Skill      XL: |  1  2  3 |
---------------+----------+-----
Ranged Weapons | 3 4 |  4.1
Fighting       | 2 |  2.4
Dodging        | |  2.1
Spellcasting   | |  1.0
Hexes          | |  2.0

Action                     || total
---------------------------++-------
   Fire: Sling             ||    69
    Use: Scroll            ||     3
         Potion            ||     1
 Armour: Robe              ||     1
         Leather armour    ||     4
  Dodge: Dodged            ||    13

Table legend:
 A = Non-vault XP
 B = Vault XP
 C = Vault XP percentage of total XP
 D = Non-vault monster count
 E = Vault monster count
 F = Vault count percentage of total count
                 A         B        C        D         E       F
            +---------+---------+-------+---------+---------+-------
      Total |      71 |      10 |  12.3 |      18 |       5 |  21.7
            +---------+---------+-------+---------+---------+-------
        D:1 |      16 |       0 |   0.0 |      10 |       0 |   0.0
        D:2 |      55 |      10 |  15.4 |       8 |       5 |  38.5
            +---------+---------+-------+---------+---------+-------
